 Dungeon Crawl Stone Soup version 0.28.0-62-gf88900778d (webtiles) character file.

Game seed: 14930273313083813298

61 cbfl8 the Skirmisher (level 3, 0/29 HPs)
             Began as a Demonspawn Berserker on Aug 24, 2023.
             Was a Believer of Trog.
             Slain by a hobgoblin
             ... wielding a +0 spear
              (5 damage)
             ... on level 2 of the Dungeon.
             The game lasted 00:01:20 (1804 turns).

cbfl8 the Skirmisher (Demonspawn Berserker)         Turns: 1804, Time: 00:01:21

Health: 0/29       AC:  2    Str: 17    XL:     3   Next: 83%
Magic:  3/3        EV: 12    Int:  8    God:    Trog [**....]
Gold:   32         SH:  4    Dex: 14    Spells: 2/2 levels left

rFire   . . .      SeeInvis .   a - +0 hand axe
rCold   . . .      Faith    .   (no shield)
rNeg    . . .      Spirit   .   b - +0 animal skin
rPois   .          Reflect  .   (no helmet)
rElec   .          Harm     .   (no cloak)
rCorr   .          Rampage  .   (no gloves)
Will    ++...                   (no boots)
Stlth   +.........              (no amulet)
HPRegen 1.09/turn               (no ring)
MPRegen 0.08/turn               (no ring)

@: strong-willed (expiring), regenerating (expiring)
A: condensation shield, weakness stinger 1
a: Renounce Religion, Berserk, Trog's Hand


You were on level 2 of the Dungeon.
You worshipped Trog.
Trog was pleased with you.
You visited 1 branch of the dungeon, and saw 2 of its levels.

You collected 32 gold pieces.

Inventory:

Hand Weapons
 a - a +0 hand axe (weapon)
Armour
 b - a +0 animal skin (worn)
Scrolls
 c - a scroll of magic mapping
 d - 2 scrolls of fear {unknown}
 e - a scroll of brand weapon {unknown}
 g - a scroll of vulnerability {unknown}
 i - a scroll of torment {unknown}
 j - a scroll of identify {unknown}
Potions
 f - a potion of curing {unknown}
 h - a potion of cancellation {unknown}


   Skills:
 + Level 3.5 Fighting
 + Level 3.3 Axes
 + Level 2.1 Armour
 - Level 1.7 Dodging
 * Level 1.6 Evocations


You had 2 spell levels left.
You didn't know any spells.
Your spell library was empty.

Dungeon Overview and Level Annotations

Branches:
Dungeon (2/15)

Altars:


Innate Abilities, Weirdness & Mutations

A meltable shield of frost defends you. (SH +4)
You have a small tail.


Message History

There are monsters nearby!
You are too injured to fight recklessly!
There are monsters nearby!
You are too injured to fight recklessly!
There are monsters nearby!
You are too injured to fight recklessly!
There are monsters nearby!
You are too injured to fight recklessly!
You block the hobgoblin's attack.
There is an open door here.
The goblin shoots a stone.
You block the stone.
Your skin crawls.
You feel strong-willed.
The hobgoblin hits you from afar with a +0 spear.
* * * LOW HITPOINT WARNING * * *
The hobgoblin hits you with a +0 spear.
* * * LOW HITPOINT WARNING * * *
You hit the hobgoblin.
The hobgoblin is lightly wounded.
The hobgoblin hits you with a +0 spear.
* * * LOW HITPOINT WARNING * * *
You hit the hobgoblin.
The hobgoblin is moderately wounded.
The hobgoblin closely misses you.
You hit the hobgoblin.
The hobgoblin is moderately wounded.
The hobgoblin closely misses you.
You hit the hobgoblin but do no damage.
The hobgoblin is moderately wounded.
You feel the effects of Trog's Hand fading.
The hobgoblin barely misses you. The hobgoblin misses you.
You closely miss the hobgoblin.
The hobgoblin is moderately wounded.
The hobgoblin hits you with a +0 spear.
* * * LOW HITPOINT WARNING * * *
You hit the hobgoblin.
You tail-slap the hobgoblin, but do no damage.
The hobgoblin is heavily wounded.
The hobgoblin hits you with a +0 spear.
You die...

..##.#.#............>..
## ...............#.##
######.#..#...##.#.....
#...).........##......
#......#...#........#
....#####.##)#†#$##.#
....+ ...##.#...# ....#
######.#.#.#
.<..#......†.#.#@#
....#..........#g# #
....#........###g#.#.#.#
#####!.......#..g.......
......$.#.....#.#.#
.......>#.....'.#
........#.....##...
#.....# .. #.....# .


You could see a hobgoblin and 2 goblins.

Vanquished Creatures
  2 adders (D:2)
  A worm (D:2)
  3 dart slugs (D:1)
  5 ball pythons
  A giant cockroach (D:1)
  8 goblins
  4 jackals (D:1)
  2 kobolds
  A quokka (D:1)
  2 bats
  2 frilled lizards (D:1)
  5 rats
36 creatures vanquished.

Notes
Turn   | Place    | Note
-------+----------+-------------------------------------------
     0 | D:1      | cbfl8 the Demonspawn Berserker began the quest for the Orb.
     0 | D:1      | Reached XP level 1. HP: 18/18 MP: 1/1
   425 | D:1      | Gained mutation: A meltable shield of frost defends you.
                  | (SH +4) [demonic ancestry]
   425 | D:1      | Reached XP level 2. HP: 22/24 MP: 2/2
   577 | D:1      | Reached skill level 1 in Evocations
   696 | D:1      | Found a faded altar of an unknown god.
   924 | D:1      | Gained mutation: You have a small tail. [demonic ancestry]
   924 | D:1      | Reached XP level 3. HP: 29/29 MP: 3/3
  1186 | D:2      | HP: 1/29 [worm (11)]
  1754 | D:2      | Reached ** piety under Trog
  1804 | D:2      | Slain by a hobgoblin

Illustrated notes

Levels and vault maps discovered:
D:1:      lightli_arrival_statuegarden, layout_rooms,
          chequers_ecumenical_altar_island, minivault_23
D:2:      layout_basic

Skill      XL: |  1  2  3 |
---------------+----------+-----
Evocations     | 1 |  1.6
Axes           | 3 |  3.3
Armour         | 2 |  2.1
Fighting       | |  3.5
Dodging        | |  1.7

Action                   || total
-------------------------++-------
Melee: Hand axe          ||    92
       Tailslap          ||     4
Invok: Trog's Hand       ||     1
  Use: Scroll            ||     1
 Stab: Sleeping          ||     1
Armor: Animal skin       ||    16
Dodge: Dodged            ||    64
Block: Other             ||     9
